 Dungeon Crawl Stone Soup version 0.26.0-16-gc1dbca0489 (webtiles) character file.

Game seed: 16842677107247952410

74 vvl the Skirmisher (level 4, 0/35 HPs)
             Began as a Demonspawn Fighter on Jan 19, 2021.
             Succumbed to an adder's poison
             ... on level 2 of the Dungeon.
             The game lasted 00:02:54 (1369 turns).

vvl the Skirmisher (Demonspawn Fighter)             Turns: 1369, Time: 00:02:55

Health: 0/35       AC:  6    Str: 18    XL:     4   Next: 10%
Magic:  1/4        EV:  7    Int:  9    God:
Gold:   64         SH:  9    Dex: 12    Spells: 3/3 levels left

rFire    . . .     SeeInvis .   a - +0 war axe
rCold    . . .     Faith    .   c - +0 kite shield
rNeg     . . .     Spirit   +   b - +0 scale mail
rPois    .         Reflect  .   (helmet restricted)
rElec    .         Harm     .   (no cloak)
rCorr    .         Rampage  .   (no gloves)
Will     .....                  (no boots)
Stlth    ..........             (no amulet)
HPRegen  0.11/turn              (no ring)
MPRegen  0.09/turn              (no ring)

@: lethally poisoned (0 -> -5), about to teleport, flying
A: horns 1, magic shield
a: no special abilities


You were on level 2 of the Dungeon.
You visited 1 branch of the dungeon, and saw 2 of its levels.

You collected 64 gold pieces.

Inventory:

Hand Weapons
 a - a +0 war axe (weapon)
Armour
 b - a +0 scale mail (worn)
 c - a +0 kite shield (worn)
Scrolls
 g - 2 scrolls of identify {unknown}
 h - 2 scrolls of fear {unknown}
Potions
 d - a potion of might


   Skills:
 + Level 3.3 Fighting
 * Level 2.7 Axes
 + Level 3.0 Armour
 + Level 3.1 Shields
 + Level 1.3 Evocations


You had 3 spell levels left.
You didn't know any spells.
Your spell library was empty.

Dungeon Overview and Level Annotations

Branches:
Dungeon (2/15)

Altars:


Innate Abilities, Weirdness & Mutations

You have a pair of small horns on your head.
When hurt, damage is shared between your health and your magic reserves.


Message History

You closely miss the adder.
The adder is almost dead.
You slash the adder!
You kill the adder!
* * * LOW HITPOINT WARNING * * *
You feel sick. You block the adder's attack.
The adder bites you but does no damage.
You have reached level 4!
You feel stronger.
Your shield prevents you from hitting the adder.
The adder is almost dead.
* * * LOW HITPOINT WARNING * * *
You feel sick. The adder bites you but does no damage.
You block the adder's attack.
As you read the scroll labelled WUPOIR KIVUAM, it crumbles to dust.
You feel strangely unstable.
It was a scroll of teleportation.
You block the adder's attack. The adder bites you but does no damage.
You closely miss the adder. Your headbutt misses the adder.
The adder is almost dead.
You die...

....#.# .##
#....##.# .....
#..†....#......
#...#####......
#..............
#.#.#...##.....
#.#.#.....S....
# #.#.#S##?#...
#+#+#@)......
#.....)†#..##..
#.............
#........##.#.#
#.#.##.#.# .# #
# #. #) #. # .
.# # . .


You could see an adder.

Vanquished Creatures
  A gnoll (D:1)
  3 adders (D:2)
  2 oozes (D:1)
  A worm (D:2)
  A giant cockroach (D:1)
  4 goblins
  2 hobgoblins (D:1)
  3 jackals (D:1)
  8 kobolds (D:1)
  A bat (D:1)
  2 frilled lizards (D:1)
  3 rats (D:1)
  A bush (D:1)
32 creatures vanquished.

Notes
Turn   | Place    | Note
-------+----------+-------------------------------------------
     0 | D:1      | vvl the Demonspawn Fighter began the quest for the Orb.
     0 | D:1      | Reached XP level 1. HP: 18/18 MP: 1/1
   198 | D:1      | Gained mutation: When hurt, damage is shared between your
                  | health and your magic reserves. [demonic ancestry]
   198 | D:1      | Reached XP level 2. HP: 9/24 MP: 2/2
   780 | D:1      | Gained mutation: You have a pair of small horns on your
                  | head. [demonic ancestry]
   780 | D:1      | Reached XP level 3. HP: 29/29 MP: 3/3
   837 | D:1      | Reached skill level 1 in Evocations
  1366 | D:2      | HP: 1/29 [poisoned by an adder]
  1367 | D:2      | Reached XP level 4. HP: 2/35 MP: 1/4
  1369 | D:2      | Succumbed to an adder's poison

Illustrated notes

Levels and vault maps discovered:
D:1:      lemuel_arrival_cross, layout_basic, serial_forest,
          infiniplex_forest_clump_small, infiniplex_forest_clump_curved,
          infiniplex_forest_clump_small, infiniplex_forest_corner_2,
          infiniplex_forest_lined_room_2, infiniplex_forest_3_way,
          infiniplex_forest_straight_2, infiniplex_forest_split,
          infiniplex_forest_side_room, infiniplex_forest_lined_room_
D:2:      layout_basic, lemuel_round_altar, minmay_tromino_v7

Skill      XL: |  1  2  3 |
---------------+----------+-----
Axes           | 2 |  2.7
Evocations     | 1 |  1.3
Shields        | 3 |  3.1
Armour         | 3 |  3.0
Fighting       | |  3.3

Action                   |  1- 3 |  4- 6 || total
-------------------------+-------+-------++-------
Melee: War axe           |   127 |     2 ||   129
       Headbutt          |    22 |       ||    22
  Use: Potion            |     1 |       ||     1
       Scroll            |       |     1 ||     1
Armor: Scale mail        |    40 |     2 ||    42
Dodge: Dodged            |    28 |       ||    28
Block: Kite shield       |    43 |     2 ||    45
